 Dungeon Crawl Stone Soup version 0.30-b1-2-g02819fbbbe (webtiles) character file.

Game seed: 10939537810371158942

30 Borgoz the Vexing (level 3, 0/20 HPs)
             Began as a Deep Elf Enchanter on June 25, 2023.
             Frozen to death by an endoplasm (3 damage)
             ... on level 2 of the Dungeon.
             The game lasted 00:02:07 (882 turns).

Borgoz the Vexing (Deep Elf Enchanter)               Turns: 882, Time: 00:02:07

Health: 0/20       AC:  2    Str:  7    XL:     3   Next: 5%
Magic:  6/9        EV: 10    Int: 19    God:
Gold:   69         SH:  0    Dex: 15    Spells: 5/8 levels left

rFire   . . .        a - +1 dagger
rCold   . . .        (no shield)
rNeg    . . .        b - +0 robe
rPois   .            (no helmet)
rElec   .            (no cloak)
rCorr   .            (no gloves)
SInv    .            (no boots)
Will    .....        (no amulet)
Stlth   +++          (no ring)
HPRegen 0.23/turn    (no ring)
MPRegen 0.11/turn

%: no passive effects
@: confusing by touch, constricted
A: no striking features
a: no special abilities


You were on level 2 of the Dungeon.
You visited 1 branch of the dungeon, and saw 2 of its levels.

You collected 69 gold pieces.

Inventory:

Hand Weapons
 a - a +1 dagger (weapon)
Armour
 b - a +0 robe (worn)
 j - a +0 leather armour
Jewellery
 k - a ring of poison resistance
Scrolls
 d - 2 scrolls of magic mapping {unknown}
 e - a scroll of enchant armour {unknown}
 f - a scroll of vulnerability {unknown}
 g - 4 scrolls of identify {unknown}
 i - a scroll of fear {unknown}
 m - a scroll of fog {unknown}
Potions
 c - 2 potions of invisibility
 h - a potion of curing {unknown}
 l - a potion of mutation {unknown}


   Skills:
 + Level 0.5 Fighting
 + Level 1.5 Short Blades
 + Level 0.0 Armour
 + Level 2.8 Dodging
 + Level 4.0 Stealth
 + Level 3.4 Spellcasting
 + Level 4.2 Hexes


You had 5 spell levels left.
You knew the following spells:

 Your Spells              Type           Power      Damage    Failure   Level
a - Confusing Touch       Hex            19%        N/A       8%          3

Your spell library contained the following spells:

 Spells                   Type           Power      Damage    Failure   Level
 Tukima's Dance           Hex            19%        N/A       8%          3
 Ensorcelled Hibernation  Hex/Ice        22%        N/A       10%         2
 Dazzling Flash           Conj/Hex       22%        N/A       19%         3
 Ignite Poison            Fire/Tmut/Pois 3%         N/A       41%         3
 Sticky Flame             Conj/Fire      3%         2d3       82%         4
 Ignition                 Fire           1%         3d3       100%        8


Dungeon Overview and Level Annotations

Branches:
Dungeon (2/15)

Altars:


Message History

You don't know that spell.
Casting: Confusing Touch (quite dangerous; 8% risk of failure)
Confirm with . or Enter, or press ? or * to list all spells.
You don't know that spell.
Casting: Confusing Touch (quite dangerous; 8% risk of failure)
Confirm with . or Enter, or press ? or * to list all spells.
The spell is quite dangerous to miscast (8% risk of failure)!
Continue anyway? [Y]es or [N]o only, please.
The spell is quite dangerous to miscast (8% risk of failure)!
Continue anyway?
Okay, then.
Casting: Confusing Touch (quite dangerous; 8% risk of failure)
Confirm with . or Enter, or press ? or * to list all spells.
The spell is quite dangerous to miscast (8% risk of failure)!
Continue anyway?
Your hands begin to glow red.
The endoplasm barely misses you.
The kobold throws a stone.
The stone hits you but does no damage. The quokka bites you.
The ball python bites you but does no damage.
The ball python grabs you. The ball python constricts you.
You barely miss the ball python. The quokka bites you.
The endoplasm freezes you.
You are frozen.
The kobold throws a stone.
The stone hits you. The ball python bites you. The ball python constricts you.
The quokka barely misses you.
You are too injured to fight recklessly!
You are too injured to fight recklessly!
You are too injured to fight recklessly!
You closely miss the quokka. The endoplasm freezes you.
You are frozen.
* * * LOW HITPOINT WARNING * * *
The ball python closely misses you. The ball python constricts you.
The quokka barely misses you.
You hit the endoplasm but do no damage.
The endoplasm is moderately wounded.
The ball python bites you but does no damage.
The ball python constricts you.
* * * LOW HITPOINT WARNING * * *
The endoplasm freezes you.
You are frozen.
You die...

.## #......... .. #........# #.
.#........# #.# ####.
##.................# .#.# #....
#..................###...# #.<..
#...)............. #....# ###....
#.........###....###.#..###......
#..........####.@S...............
#.........[.#...Jr..........#..†.
##......g.?.K........####..(.....
#.........###........##..........
#........l# #...$.......#######.#
#.......K.# #.........#########.#
..†.....<.# #)..................#
#.........# #####...#.......>....
##.......## #...#............


You could see an endoplasm, a quokka, a ball python and a kobold.

Vanquished Creatures
  An adder (D:2)
  A ball python (D:1)
  4 bats
  4 endoplasms
  A giant cockroach (D:1)
  2 hobgoblins (D:1)
  2 quokkas
  2 frilled lizards
  A kobold (D:1)
  3 rats
21 creatures vanquished.

Notes
Turn   | Place    | Note
-------+----------+-------------------------------------------
     0 | D:1      | Borgoz the Deep Elf Enchanter began the quest for the Orb.
     0 | D:1      | Reached XP level 1. HP: 10/10 MP: 6/6
   149 | D:1      | Reached XP level 2. HP: 6/15 MP: 8/8
   710 | D:2      | Found a faded altar of an unknown god.
   844 | D:2      | Reached XP level 3. HP: 20/20 MP: 9/9
   848 | D:2      | Learned a level 3 spell: Confusing Touch
   882 | D:2      | Frozen to death by an endoplasm

Illustrated notes

Levels and vault maps discovered:
D:1:      wheals_arrival_shading, layout_rooms, minmay_liquid_box
D:2:      layout_rooms, shapermc_ecumenical_altar_notcrosses

Skill      XL: |  1  2 |
---------------+-------+-----
Stealth        | 4 |  4.0
Fighting       | |  0.5
Short Blades   | |  1.5
Dodging        | |  2.8
Spellcasting   | |  3.4
Hexes          | |  4.2

Action                     || total
---------------------------++-------
  Melee: Dagger            ||    75
         Punch             ||     1
   Cast: Confusing Touch   ||     1
   Stab: Sleeping          ||     6
 Armour: Robe              ||    18
  Dodge: Dodged            ||    52
